[Event "Botvinnik Cup 2018"]
[Site "Moscow"]
[Date "2018.08.11"]
[Round "3"]
[White "Naqopia, Giorgi"]
[Black "Khusnutdinov, Rustam"]
[Result "0-1"]
[ECO "A39"]
[WhiteElo "1857"]
[BlackElo "2470"]
[Annotator "ChessBase"]
[PlyCount "126"]
[EventDate "2018.08.10"]
[EventCountry "RUS"]
[SourceTitle "playchess.com"]
[Source "ChessBase"]
[SourceQuality "1"]
[TimeControl "5400+30"]

1. Nf3 Nf6 2. g3 c5 3. Bg2 Nc6 4. O-O g6 5. c4 Bg7 6. Nc3 O-O 7. d4 cxd4 8. Nxd4 Qa5 9. Nc2 d6 10. Rb1 Qh5 11. Ne3 Bh3 12. Ncd5 Bxg2 13. Kxg2 Nxd5 14. Nxd5 Qf5 15. Qd3 Qxd3 16. exd3 e6 17. Nf4 Rfb8 18. b3 b5 19. Bb2 a5 20. Rfd1 Nd4 21. Bxd4 Bxd4 22. Ne2 Bf6 23. d4 bxc4 24. bxc4 Rb4 25. Rxb4 axb4 26. Rd2 Kf8 27. Rb2 Ra4 28. f4 Ke7 29. Kf2 Kd7 30. Ke3 Ra3+ 31. Rb3 Rxa2 32. Rxb4 Ra3+ 33. Kd2 Kc7 34. Nc3 Ra1 35. Kd3 h5 36. Rb5 h4 37. c5 dxc5 38. Rxc5+ Kd7 39. gxh4 Bxh4 40. Rb5 Ra7 41. d5 Bd8 42. dxe6+ Kxe6 43. Re5+ Kf6 44. Nd5+ Kg7 45. Re8 Bf6 46. Nxf6 Kxf6 47. Re2 Kf5 48. Rf2 Ra3+ 49. Kd4 Ra4+ 50. Ke3 Re4+ 51. Kd3 Rxf4 52. Ra2 Kg4 53. Ke3 Rf5 54. Rb2 Kh3 55. Ra2 g5 56. Ke4 Rf4+ 57. Ke3 f6 58. Rb2 Rf1 59. Re2 f5 60. Ra2 g4 61. Re2 f4+ 62. Ke4 g3 63. hxg3 fxg3 0-1

[Event "Botvinnik Cup 2018"]
[Site "Moscow"]
[Date "2018.08.11"]
[Round "3"]
[White "Lomaia, Diana"]
[Black "Khusnutdinov, Rustam"]
[Result "1/2-1/2"]
[ECO "B12"]
[WhiteElo "1851"]
[BlackElo "2470"]
[Annotator "ChessBase"]
[PlyCount "74"]
[EventDate "2018.08.10"]
[EventCountry "RUS"]
[SourceTitle "playchess.com"]
[Source "ChessBase"]
[SourceQuality "1"]
[TimeControl "5400+30"]

1. e4 c6 2. d4 d5 3. e5 Bf5 4. h4 Qb6 5. g4 Bd7 6. c3 h5 7. gxh5 e6 8. Bd3 c5 9. Qg4 Nc6 10. Ne2 cxd4 11. cxd4 Nh6 12. Qf4 Nb4 13. Rh3 Nxd3+ 14. Rxd3 Nf5 15. Ng3 Nxg3 16. Rxg3 Rxh5 17. Rg5 Rh7 18. Rg4 Be7 19. Qg3 O-O-O 20. Qb3 Rxh4 21. Qxb6 axb6 22. Rxh4 Bxh4 23. Nc3 f6 24. exf6 gxf6 25. Be3 Rg8 26. Ke2 Bg5 27. Rg1 Rg7 28. Bxg5 fxg5 29. Ke3 Kd8 30. Nb1 Ke7 31. Nd2 Kf6 32. Nf3 Be8 33. a3 Rc7 34. Nxg5 Rc2 35. Nh7+ Kf7 36. Ng5+ Kf6 37. Nh7+ Kf7 {[%emt 0:00:09] Ke4} 1/2-1/2

[Event "Botvinnik Cup 2018"]
[Site "Moscow"]
[Date "2018.08.11"]
[Round "3"]
[White "Chiriac, Daniel"]
[Black "Egin, Vladimir"]
[Result "0-1"]
[ECO "C45"]
[WhiteElo "1841"]
[BlackElo "2317"]
[Annotator "NA"]
[PlyCount "70"]
[EventDate "2018.08.10"]
[EventCountry "RUS"]
[SourceTitle "playchess.com"]
[Source "ChessBase"]
[SourceQuality "1"]
[TimeControl "5400+30"]

1. e4 e5 2. Nf3 Nc6 3. d4 exd4 4. Nxd4 Bc5 5. Nxc6 Qf6 6. Qf3 bxc6 7. Nc3 d6 8. Bc4 Qxf3 9. gxf3 Ne7 10. Be3 Bb6 11. O-O-O Be6 12. Bb3 O-O 13. f4 Bxb3 14. axb3 f5 15. Bxb6 axb6 16. e5 dxe5 17. fxe5 Ng6 18. Rhe1 Rae8 19. e6 Rf6 20. Rd7 Rfxe6 21. Rxe6 Rxe6 22. Rxc7 b5 23. Kd1 Nf4 24. Kd2 b4 25. Nd1 Nd5 26. Rc8+ Kf7 27. Ne3 Nxe3 28. fxe3 g5 29. Rb8 Rh6 30. Rxb4 Rxh2+ 31. Kd1 g4 32. Rf4 Kg6 33. Ke1 Rxc2 34. e4 g3 35. Rf3 g2 0-1

[Event "Botvinnik Cup 2018"]
[Site "Moscow"]
[Date "2018.08.11"]
[Round "3"]
[White "Manukyan, Sevak N"]
[Black "Sevdimaliyev, Urfan"]
[Result "0-1"]
[ECO "D27"]
[WhiteElo "1799"]
[BlackElo "2388"]
[Annotator "NA"]
[PlyCount "106"]
[EventDate "2018.08.10"]
[EventCountry "RUS"]
[SourceTitle "playchess.com"]
[Source "ChessBase"]
[SourceQuality "1"]
[TimeControl "5400+30"]

1. d4 d5 2. c4 dxc4 3. e3 e6 4. Bxc4 Nf6 5. Nf3 c5 6. O-O a6 7. a4 Nc6 8. Nc3 Be7 9. b3 O-O 10. Ba3 cxd4 11. Bxe7 Qxe7 12. exd4 Rd8 13. Qd2 b6 14. Rfe1 Qc7 15. Ne4 Nxe4 16. Rxe4 Ne7 17. Rc1 Qd6 18. Rce1 b5 19. Bd3 Bb7 20. Rh4 Ng6 21. Bxg6 hxg6 22. Ne5 Qd5 23. Rg4 Qd6 24. Qg5 Qb4 25. Nd3 Qc3 26. Rg3 Rxd4 27. Qe5 Rad8 28. Nc5 Qxe1+ 29. Qxe1 Rd1 30. Kf1 Bc6 31. a5 b4 32. Rd3 Rxe1+ 33. Kxe1 Rxd3 34. Nxd3 Bxg2 35. Nxb4 Bb7 36. Kd2 Kf8 37. Nd3 Bc6 38. Kc3 Bb5 39. Ne5 g5 40. Kb4 f6 41. Nc4 Ke7 42. Kc5 Kd7 43. Kb6 e5 44. Na3 Bd3 45. Nc4 e4 46. Ne3 g6 47. Nc4 f5 48. Ne3 f4 49. Ng4 Ke6 50. Kc5 Be2 51. Nh6 Bh5 52. Kd4 e3 53. fxe3 f3 0-1

[Event "Botvinnik Cup 2018"]
[Site "Moscow"]
[Date "2018.08.11"]
[Round "3"]
[White "Yedigaryan, Asya"]
[Black "Sevdimaliyev, Urfan"]
[Result "1/2-1/2"]
[ECO "A16"]
[WhiteElo "1622"]
[BlackElo "2388"]
[Annotator "NA"]
[PlyCount "43"]
[EventDate "2018.08.10"]
[EventCountry "RUS"]
[SourceTitle "playchess.com"]
[Source "ChessBase"]
[SourceQuality "1"]
[TimeControl "5400+30"]

1. c4 Nf6 2. Nc3 d5 3. cxd5 Nxd5 4. g3 g6 5. Bg2 Nxc3 6. bxc3 Bg7 7. Rb1 Nd7 8. Nf3 O-O 9. O-O Nb6 10. Ba3 Bf5 11. Rc1 Nc4 12. Bc5 b6 13. Be3 Nxe3 14. fxe3 Be4 15. d3 Bb7 16. e4 c5 17. Qd2 c4 18. e5 cxd3 19. exd3 Rc8 20. Qe3 Qd7 21. d4 Bd5 22. Rf2 1/2-1/2

[Event "Botvinnik Cup 2018"]
[Site "Moscow"]
[Date "2018.08.11"]
[Round "3"]
[White "Urmonov, Davron"]
[Black "Komliakov, Viktor"]
[Result "0-1"]
[ECO "A04"]
[WhiteElo "1593"]
[BlackElo "2366"]
[Annotator "NA"]
[PlyCount "92"]
[EventDate "2018.08.10"]
[EventCountry "RUS"]
[SourceTitle "playchess.com"]
[Source "ChessBase"]
[SourceQuality "1"]
[TimeControl "5400+30"]

1. Nf3 d6 2. c4 e5 3. d4 e4 4. Nfd2 f5 5. Nc3 Nf6 6. e3 g6 7. Be2 Bh6 8. b3 c6 9. Qc2 Na6 10. Ba3 Nc7 11. O-O-O d5 12. h3 Be6 13. Kb1 f4 14. cxd5 cxd5 15. Bb5+ Kf7 16. Rhe1 fxe3 17. fxe3 Rc8 18. Qb2 Kg7 19. g4 Bg5 20. Bf1 h5 21. gxh5 Rxh5 22. Rc1 Nce8 23. Na4 Rxc1+ 24. Qxc1 b6 25. Qc3 Nd6 26. Qc6 Nfe8 27. Nc3 Bd7 28. Qxd5 Bh4 29. Qxh5 gxh5 30. Re2 Kh6 31. Kb2 Bf5 32. Bg2 Nf6 33. Bxd6 Qxd6 34. Ndxe4 Nxe4 35. Nxe4 Bxe4 36. Bxe4 Bg3 37. Kc3 b5 38. Kd3 b4 39. Rc2 Qa6+ 40. Kd2 Qf1 41. Rc6+ Kg5 42. Rc5+ Kh4 43. Bg6 Be1+ 44. Kc2 Qe2+ 45. Kb1 Bc3 46. Rxh5+ Kg3 0-1

[Event "Botvinnik Cup 2018"]
[Site "Moscow"]
[Date "2018.08.11"]
[Round "3"]
[White "Mikhailova, Alina"]
[Black "Egin, Vladimir"]
[Result "1/2-1/2"]
[ECO "A52"]
[WhiteElo "1398"]
[BlackElo "2317"]
[Annotator "NA"]
[PlyCount "84"]
[EventDate "2018.08.10"]
[EventCountry "RUS"]
[SourceTitle "playchess.com"]
[Source "ChessBase"]
[SourceQuality "1"]
[TimeControl "5400+30"]

1. d4 Nf6 2. c4 e5 3. dxe5 Ng4 4. Bf4 Nc6 5. Nf3 Bb4+ 6. Nbd2 Qe7 7. e3 Ngxe5 8. Nxe5 Nxe5 9. Be2 b6 10. O-O Bb7 11. Nf3 Nxf3+ 12. Bxf3 Bxf3 13. Qxf3 O-O 14. Rad1 a5 15. Bxc7 d5 16. Bxb6 dxc4 17. a3 Bc5 18. Bxc5 Qxc5 19. Qd5 Qb6 20. Rb1 Rac8 21. Rfc1 Rc5 22. Qe4 Rfc8 23. Rc3 g6 24. h3 a4 25. Qc2 Qb5 26. Rd1 Rb8 27. Rd4 Rbc8 28. Qe2 Kg7 29. Qd2 Rb8 30. Rf4 Rbc8 31. h4 h5 32. Qd4+ Kg8 33. Rc2 R5c7 34. Qf6 Rd7 35. Rd4 Rxd4 36. Qxd4 Qc6 37. Qc3 Qe4 38. g3 Rd8 39. Rd2 Rd3 40. Rxd3 cxd3 41. Qd2 Kg7 42. Qd1 Qc4 1/2-1/2

[Event "Botvinnik Cup 2018"]
[Site "Moscow"]
[Date "2018.08.11"]
[Round "4"]
[White "Khusnutdinov, Rustam"]
[Black "Lazavik, Denis"]
[Result "1/2-1/2"]
[ECO "C77"]
[WhiteElo "2470"]
[BlackElo "2235"]
[Annotator "ChessBase"]
[PlyCount "65"]
[EventDate "2018.08.10"]
[EventCountry "RUS"]
[SourceTitle "playchess.com"]
[Source "ChessBase"]
[SourceQuality "1"]
[TimeControl "5400+30"]

1. e4 e5 2. Nf3 Nc6 3. Bb5 a6 4. Ba4 Nf6 5. d3 d6 6. c4 Bd7 7. Nc3 g6 8. O-O Bg7 9. Nd5 Nxd5 10. cxd5 Ne7 11. d4 exd4 12. Nxd4 Bxa4 13. Qxa4+ Qd7 14. Qc4 O-O 15. Be3 Rac8 16. Rfd1 Rfe8 17. Nf3 c5 18. dxc6 Nxc6 19. Qd3 Nb4 20. Qxd6 Qxd6 21. Rxd6 Nc2 22. Rc1 Nxe3 23. Rxc8 Rxc8 24. fxe3 Bxb2 25. Rb6 Bc1 26. Kf2 Rc2+ 27. Kg3 Bxe3 28. Rxb7 Rxa2 29. Ne5 f6 30. Ng4 Bg5 31. Rb8+ Kg7 32. Rb7+ Kg8 33. Rb8+ 1/2-1/2

[Event "Botvinnik Cup 2018"]
[Site "Moscow"]
[Date "2018.08.11"]
[Round "4"]
[White "Tologontegin, Semetey"]
[Black "Urmonov, Davron"]
[Result "1-0"]
[ECO "A01"]
[WhiteElo "2407"]
[BlackElo "1593"]
[Annotator "NA"]
[PlyCount "55"]
[EventDate "2018.08.10"]
[EventCountry "RUS"]
[SourceTitle "playchess.com"]
[Source "ChessBase"]
[SourceQuality "1"]
[TimeControl "5400+30"]

1. b3 d5 2. Bb2 c5 3. e3 Nc6 4. Bb5 e6 5. Nf3 Nf6 6. O-O Be7 7. Ne5 Bd7 8. Bxc6 Bxc6 9. f4 O-O 10. d3 Nd7 11. Nd2 Nxe5 12. Bxe5 d4 13. f5 dxe3 14. Nc4 Qd5 15. Qg4 f6 16. Bb2 exf5 17. Rxf5 Qe6 18. Rf4 Qxg4 19. Rxg4 g5 20. Rg3 b5 21. Rxe3 Rae8 22. Rae1 Kf7 23. Rxe7+ Kg6 24. Rxe8 Bxe8 25. Nd6 Bc6 26. Re7 a5 27. Ne4 Bxe4 28. Rxe4 1-0

[Event "Botvinnik Cup 2018"]
[Site "Moscow"]
[Date "2018.08.11"]
[Round "4"]
[White "Tologontegin, Semetey"]
[Black "Rakhmatullaev, Almas"]
[Result "1-0"]
[ECO "D94"]
[WhiteElo "2407"]
[BlackElo "1896"]
[Annotator "NA"]
[PlyCount "71"]
[EventDate "2018.08.10"]
[EventCountry "RUS"]
[SourceTitle "playchess.com"]
[Source "ChessBase"]
[SourceQuality "1"]
[TimeControl "5400+30"]

1. Nf3 d5 2. e3 Nf6 3. c4 c6 4. Nc3 g6 5. h3 Bg7 6. d4 O-O 7. Bd2 Ne4 8. cxd5 cxd5 9. Qb3 e6 10. Bd3 f5 11. Ne2 Nc6 12. Bb4 Rf7 13. Bc3 Bd7 14. O-O g5 15. Bxe4 fxe4 16. Nh2 b5 17. a3 Qf6 18. Bb4 Nxb4 19. Qxb4 Bf8 20. Qa5 Bd6 21. Ng4 Qg6 22. Qa6 h5 23. Nh6+ Qxh6 24. Qxd6 Raf8 25. Rac1 h4 26. Rc7 Qg7 27. Rxa7 Bc8 28. Rxf7 Qxf7 29. f4 g4 30. hxg4 Qg6 31. g5 Qh5 32. Rf2 h3 33. g3 Qg4 34. Kh2 Qf3 35. Rxf3 exf3 36. Qc7 1-0

[Event "Botvinnik Cup 2018"]
[Site "Moscow"]
[Date "2018.08.11"]
[Round "4"]
[White "Sevdimaliyev, Urfan"]
[Black "Chiriac, Daniel"]
[Result "1/2-1/2"]
[ECO "A46"]
[WhiteElo "2388"]
[BlackElo "1841"]
[Annotator "NA"]
[PlyCount "90"]
[EventDate "2018.08.10"]
[EventCountry "RUS"]
[SourceTitle "playchess.com"]
[Source "ChessBase"]
[SourceQuality "1"]
[TimeControl "5400+30"]

1. d4 Nf6 2. Nf3 e6 3. Bg5 d5 4. Nbd2 c5 5. e3 Nc6 6. c3 Bd7 7. Bd3 cxd4 8. exd4 Be7 9. O-O h6 10. Bh4 Nh5 11. Bxe7 Qxe7 12. Re1 O-O 13. Ne5 Nf4 14. Bf1 Nxe5 15. Rxe5 Ng6 16. Re3 Qd6 17. g3 e5 18. dxe5 Nxe5 19. Nc4 Nxc4 20. Bxc4 Be6 21. Qd4 Qc6 22. Bf1 Rfd8 23. Bg2 Rd7 24. Rd1 Qa6 25. a3 Rad8 26. Re5 Qb5 27. Rd2 b6 28. h4 Qc5 29. Qf4 Qc4 30. Rd4 Qb5 31. Qd2 Qc5 32. Bf1 Qc6 33. Bd3 Qd6 34. Re1 Re7 35. Bb1 b5 36. Rd1 Red7 37. Qd3 Qe5 38. f4 Qb8 39. f5 Bxf5 40. Qxf5 Qxg3+ 41. Kh1 Re8 42. Be4 Rxe4 43. Rxe4 dxe4 44. Qxd7 Qf3+ 45. Kg1 Qg3+ 1/2-1/2

[Event "Botvinnik Cup 2018"]
[Site "Moscow"]
[Date "2018.08.11"]
[Round "4"]
[White "Sevdimaliyev, Urfan"]
[Black "Mikhailova, Alina"]
[Result "1-0"]
[ECO "A46"]
[WhiteElo "2388"]
[BlackElo "1398"]
[Annotator "NA"]
[PlyCount "67"]
[EventDate "2018.08.10"]
[EventCountry "RUS"]
[SourceTitle "playchess.com"]
[Source "ChessBase"]
[SourceQuality "1"]
[TimeControl "5400+30"]

1. d4 Nf6 2. Nf3 e6 3. Bg5 h6 4. Bh4 Be7 5. Nbd2 b6 6. e4 Bb7 7. Bd3 d5 8. e5 Nfd7 9. Bxe7 Qxe7 10. O-O O-O 11. c3 c5 12. Re1 Nc6 13. a3 a5 14. Nf1 c4 15. Bb1 b5 16. Qc2 g6 17. h4 b4 18. axb4 axb4 19. Rxa8 Rxa8 20. cxb4 Qxb4 21. Qc1 Kg7 22. h5 Na5 23. hxg6 fxg6 24. N1h2 Nb3 25. Qe3 Qe7 26. Ng4 Rh8 27. Qe2 Nb8 28. Nf6 g5 29. Qe3 Nd7 30. Nxg5 hxg5 31. Qxg5+ Kf8 32. Nxd7+ Qxd7 33. Qf6+ Kg8 34. Re3 1-0

[Event "Botvinnik Cup 2018"]
[Site "Moscow"]
[Date "2018.08.11"]
[Round "4"]
[White "Komliakov, Viktor"]
[Black "Ahmadzada, Ahmad"]
[Result "0-1"]
[ECO "C00"]
[WhiteElo "2366"]
[BlackElo "2342"]
[Annotator "NA"]
[PlyCount "88"]
[EventDate "2018.08.10"]
[EventCountry "RUS"]
[SourceTitle "playchess.com"]
[Source "ChessBase"]
[SourceQuality "1"]
[TimeControl "5400+30"]

1. e4 e6 2. d3 d5 3. Nd2 c5 4. Ngf3 Nc6 5. g3 g6 6. Bg2 Bg7 7. O-O Nge7 8. Re1 b6 9. c3 a5 10. e5 Qc7 11. Qe2 h6 12. h4 g5 13. hxg5 hxg5 14. Nxg5 Qxe5 15. Nde4 dxe4 16. Bf4 Qf6 17. Nxe4 Qg6 18. Nd6+ Kf8 19. Nc4 Qh7 20. Nxb6 Bb7 21. Nxa8 Nd4 22. Bxb7 Nxe2+ 23. Rxe2 Nd5 24. Bxd5 Qh2+ 25. Kf1 exd5 26. Bd6+ Kg8 27. Re8+ Kh7 28. Rxh8+ Kxh8 29. Re1 Qh1+ 30. Ke2 Qh6 31. Bf4 Qc6 32. Nc7 Qb7 33. Kf1 Qxb2 34. Nxd5 Qxa2 35. c4 Bd4 36. Re2 Qb1+ 37. Kg2 Qxd3 38. Re8+ Kg7 39. Ne3 a4 40. g4 Bxe3 41. Bxe3 Qxc4 42. Kg3 a3 43. Rc8 a2 44. Bxc5 Qd3+ 0-1

[Event "Botvinnik Cup 2018"]
[Site "Moscow"]
[Date "2018.08.11"]
[Round "4"]
[White "Komliakov, Viktor"]
[Black "Atakishiyev, Elmar"]
[Result "1-0"]
[ECO "C00"]
[WhiteElo "2366"]
[BlackElo "2198"]
[Annotator "NA"]
[PlyCount "87"]
[EventDate "2018.08.10"]
[EventCountry "RUS"]
[SourceTitle "playchess.com"]
[Source "ChessBase"]
[SourceQuality "1"]
[TimeControl "5400+30"]

1. e4 e6 2. f4 d5 3. e5 c5 4. Nf3 Nc6 5. c3 a6 6. Na3 b5 7. d4 Qb6 8. Nc2 a5 9. a3 Ba6 10. dxc5 Bxc5 11. b4 Bf2+ 12. Ke2 Qa7 13. Nfd4 Bxd4 14. cxd4 Nge7 15. Be3 Rc8 16. Kf3 Nb8 17. Bd3 Nd7 18. bxa5 Qb7 19. Nb4 Nc6 20. Nxa6 Qxa6 21. a4 Nxa5 22. Bxb5 Qa7 23. Qd2 O-O 24. Qd3 Nc4 25. Rhc1 Na5 26. Kg3 Nb6 27. Bd2 Nbc4 28. Bb4 Rfd8 29. Rab1 h6 30. h3 Rc7 31. Rc3 Rdc8 32. Kh2 Kh8 33. Bc5 Rxc5 34. dxc5 Qxc5 35. Rcc1 Qf2 36. Rf1 Qa2 37. Rbc1 Qb2 38. Qc3 Qe2 39. Rf3 Rb8 40. Qxa5 Qxf3 41. Rxc4 Qe3 42. Qc3 Qf2 43. Qd4 Qe1 44. Rc7 1-0

[Event "Botvinnik Cup 2018"]
[Site "Moscow"]
[Date "2018.08.11"]
[Round "4"]
[White "Egin, Vladimir"]
[Black "Degenbaev, Aziz"]
[Result "0-1"]
[ECO "B52"]
[WhiteElo "2317"]
[BlackElo "1605"]
[Annotator "NA"]
[PlyCount "84"]
[EventDate "2018.08.10"]
[EventCountry "RUS"]
[SourceTitle "playchess.com"]
[Source "ChessBase"]
[SourceQuality "1"]
[TimeControl "5400+30"]

1. e4 c5 2. Nf3 d6 3. Bb5+ Bd7 4. Bxd7+ Nxd7 5. O-O e6 6. b3 Ngf6 7. Qe2 Be7 8. Bb2 O-O 9. c4 Rc8 10. d4 cxd4 11. Nxd4 Nc5 12. Nc3 e5 13. Nf5 Ne6 14. Rad1 g6 15. Nxe7+ Qxe7 16. Nb5 Rfd8 17. Ba3 Ne8 18. Nxa7 Rc7 19. Nb5 Rcd7 20. g3 f5 21. exf5 gxf5 22. Qh5 f4 23. Rfe1 Qf6 24. Nc3 N8g7 25. Qg4 h5 26. Ne4 Qf7 27. Qh4 Nf5 28. Qf6 Ned4 29. Bb2 Nf3+ 30. Kh1 Nxe1 31. Rxe1 Rf8 32. Qg5+ Ng7 33. Kg1 fxg3 34. hxg3 Kh7 35. Qd2 Ne6 36. Qd3 Kg8 37. Rd1 Nc5 38. Nxc5 Qxf2+ 39. Kh1 Qxc5 40. Qg6+ Rg7 41. Qe6+ Kh7 42. Qh3 Qf2 0-1

[Event "Botvinnik Cup 2018"]
[Site "Moscow"]
[Date "2018.08.11"]
[Round "4"]
[White "Egin, Vladimir"]
[Black "Sezdbekova, Aizhan"]
[Result "1-0"]
[ECO "C46"]
[WhiteElo "2317"]
[BlackElo "1226"]
[Annotator "NA"]
[PlyCount "81"]
[EventDate "2018.08.10"]
[EventCountry "RUS"]
[SourceTitle "playchess.com"]
[Source "ChessBase"]
[SourceQuality "1"]
[TimeControl "5400+30"]

1. e4 e5 2. Nf3 Nc6 3. Nc3 Bc5 4. Nxe5 Bxf2+ 5. Kxf2 Nxe5 6. d4 Ng6 7. Be3 d6 8. Be2 Nf6 9. Rf1 O-O 10. Kg1 h6 11. h3 Be6 12. Bd3 Nh7 13. Qe1 Qd7 14. Qg3 Qe7 15. Rae1 Nf6 16. Qf2 Nd7 17. d5 Bxh3 18. gxh3 Nde5 19. Qg3 Kh8 20. Ne2 Rac8 21. Nd4 Qd7 22. Nf5 Kh7 23. Bd4 Rce8 24. h4 f6 25. Be2 Rd8 26. Kh2 c5 27. dxc6 bxc6 28. Rg1 Rg8 29. h5 Nf8 30. Bxe5 fxe5 31. Bc4 d5 32. Bd3 d4 33. Bc4 Ne6 34. Qg6+ Kh8 35. Bxe6 Qc7 36. Bxg8 Rxg8 37. Nxh6 Rf8 38. Nf5 Rg8 39. h6 Qd8 40. hxg7+ Rxg7 41. Qxg7# 1-0

[Event "Botvinnik Cup 2018"]
[Site "Moscow"]
[Date "2018.08.11"]
[Round "4"]
[White "Skatchkov, Valery"]
[Black "Paichadze, Luka"]
[Result "1/2-1/2"]
[ECO "E10"]
[WhiteElo "2305"]
[BlackElo "2564"]
[Annotator "ChessBase"]
[PlyCount "148"]
[EventDate "2018.08.10"]
[EventCountry "RUS"]
[SourceTitle "playchess.com"]
[Source "ChessBase"]
[SourceQuality "1"]
[TimeControl "5400+30"]

1. d4 Nf6 2. c4 e6 3. Nf3 Nc6 4. a3 d5 5. Nc3 g6 6. e3 Bg7 7. Bd3 O-O 8. O-O Ne7 9. b4 c6 10. Bb2 b6 11. Qe2 Ba6 12. Rfd1 dxc4 13. Bxc4 Bxc4 14. Qxc4 Qc8 15. Rac1 Qb7 16. e4 Rfd8 17. Ba1 Rac8 18. e5 Ne8 19. Ne4 Nd5 20. Bb2 h6 21. h4 Ne7 22. Bc3 Rd7 23. Rd2 Rcd8 24. Rcd1 Nd5 25. Bb2 Ne7 26. Rc1 h5 27. Rdc2 Rc7 28. Ra1 Nf5 29. Bc3 Bf8 30. a4 Rd5 31. Rb1 Qc8 32. Bd2 Qd7 33. Bc3 Be7 34. g3 c5 35. bxc5 bxc5 36. dxc5 Bxc5 37. Qe2 Rc8 38. Bb4 Bxb4 39. Rxb4 Kg7 40. Neg5 a5 41. Rbc4 Rb8 42. Rb2 Rd1+ 43. Kh2 Rxb2 44. Qxb2 Nh6 45. Qe2 Ng4+ 46. Kg2 Rd5 47. Rf4 Nh6 48. Qc2 Nf5 49. Rc4 Ne7 50. Rf4 Nf5 51. Rc4 Ne7 52. Qc3 Rd1 53. Kh2 Qb7 54. Rd4 Rxd4 55. Qxd4 Nd5 56. Kg2 Nec7 57. Qc4 Qb2 58. Qc5 Qe2 59. Qa7 Qc2 60. Qd4 Qc6 61. Kg1 Qb6 62. Qc4 Na6 63. Qc8 Nc5 64. Qe8 Qb1+ 65. Kg2 Qb7 66. Kg1 Nc3 67. Qd8 N3xa4 68. Qf6+ Kg8 69. Qd8+ Kg7 70. Qf6+ Kg8 71. Qd8+ Kg7 72. Nh7 Kxh7 73. Ng5+ Kg7 74. Qf6+ Kg8 1/2-1/2

[Event "Botvinnik Cup 2018"]
[Site "Moscow"]
[Date "2018.08.11"]
[Round "4"]
[White "Babazada, Khazar"]
[Black "Komliakov, Viktor"]
[Result "1/2-1/2"]
[ECO "B07"]
[WhiteElo "2229"]
[BlackElo "2366"]
[Annotator "NA"]
[PlyCount "83"]
[EventDate "2018.08.10"]
[EventCountry "RUS"]
[SourceTitle "playchess.com"]
[Source "ChessBase"]
[SourceQuality "1"]
[TimeControl "5400+30"]

1. d4 d6 2. e4 Nf6 3. Nc3 c6 4. Nf3 Bg4 5. Be3 e6 6. h3 Bh5 7. Bd3 d5 8. e5 Nfd7 9. Ne2 Bxf3 10. gxf3 c5 11. c3 Nc6 12. a3 a5 13. h4 h5 14. Qa4 c4 15. Bb1 Rb8 16. Qc2 b5 17. Bg5 Be7 18. Rg1 g6 19. Qc1 Bxg5 20. Rxg5 Ne7 21. Bc2 Qb6 22. Kf1 Kd8 23. Kg2 Kc7 24. Kh2 Ra8 25. Nf4 Qc6 26. Rg1 Nb6 27. Nh3 Ng8 28. Qf4 Qd7 29. Ng5 Nh6 30. Qf6 Qd8 31. Qxf7+ Nxf7 32. Nxe6+ Kb7 33. Nxd8+ Raxd8 34. Rae1 Rdf8 35. Rxg6 Nd8 36. e6 Nc6 37. e7 Re8 38. Ree6 Rc8 39. Rg7 Rce8 40. Rgg6 Rc8 41. Rg7 Rce8 42. Rgg6 1/2-1/2

[Event "Botvinnik Cup 2018"]
[Site "Moscow"]
[Date "2018.08.11"]
[Round "4"]
[White "Ceres, Dragos"]
[Black "Sevdimaliyev, Urfan"]
[Result "0-1"]
[ECO "B30"]
[WhiteElo "2211"]
[BlackElo "2388"]
[Annotator "NA"]
[PlyCount "58"]
[EventDate "2018.08.10"]
[EventCountry "RUS"]
[SourceTitle "playchess.com"]
[Source "ChessBase"]
[SourceQuality "1"]
[TimeControl "5400+30"]

1. e4 c5 2. Nf3 Nc6 3. Bb5 d6 4. O-O Bd7 5. Re1 Nf6 6. c3 a6 7. Bf1 Bg4 8. d4 cxd4 9. cxd4 e5 10. d5 Nd4 11. Be3 Nxf3+ 12. gxf3 Bc8 13. Nd2 Be7 14. Qb3 O-O 15. a4 Nh5 16. Bb6 Qe8 17. Bc7 f5 18. exf5 Rxf5 19. Ne4 Qf7 20. Ra3 Nf4 21. Ng3 Rg5 22. Kh1 h5 23. h4 Rg6 24. Ne4 Nh3 25. Bxh3 Bxh3 26. Qe3 Bg2+ 27. Kh2 Qf5 28. Ng3 Qh3+ 29. Kg1 Bh1 0-1

[Event "Botvinnik Cup 2018"]
[Site "Moscow"]
[Date "2018.08.11"]
[Round "4"]
[White "Allahverdiyeva, Ayan"]
[Black "Komliakov, Viktor"]
[Result "0-1"]
[ECO "B06"]
[WhiteElo "2046"]
[BlackElo "2366"]
[Annotator "NA"]
[PlyCount "82"]
[EventDate "2018.08.10"]
[EventCountry "RUS"]
[SourceTitle "playchess.com"]
[Source "ChessBase"]
[SourceQuality "1"]
[TimeControl "5400+30"]

1. e4 g6 2. d4 Bg7 3. Nc3 c6 4. Be3 d5 5. f3 Qb6 6. exd5 Qxb2 7. Nge2 Nf6 8. dxc6 bxc6 9. Rb1 Qa3 10. g3 O-O 11. Bg2 Ba6 12. Qc1 Qa5 13. Kf2 Nbd7 14. Bh6 e5 15. Be3 Rfe8 16. Re1 Bxe2 17. Nxe2 Nd5 18. Bd2 Qc7 19. c4 N5b6 20. Ba5 exd4 21. Nf4 Nc5 22. Bf1 Re5 23. Qa3 Rxe1 24. Bxb6 Qc8 25. Rxe1 axb6 26. Qb4 Rxa2+ 27. Re2 Rxe2+ 28. Bxe2 Qc7 29. Nd3 Bf8 30. Qb2 Ne6 31. Qc1 Qa7 32. Qb1 Qa5 33. Qb2 b5 34. cxb5 cxb5 35. f4 b4 36. Bg4 Qa3 37. Qe2 Nc5 38. Nxc5 Bxc5 39. Qe8+ Bf8 40. Be2 d3 41. Qe3 dxe2 0-1

[Event "Botvinnik Cup 2018"]
[Site "Moscow"]
[Date "2018.08.11"]
[Round "4"]
[White "Qalichava, Akaki"]
[Black "Korotylev, Alexey"]
[Result "0-1"]
[ECO "B00"]
[WhiteElo "1874"]
[BlackElo "2573"]
[Annotator "ChessBase"]
[PlyCount "58"]
[EventDate "2018.08.10"]
[EventCountry "RUS"]
[SourceTitle "playchess.com"]
[Source "ChessBase"]
[SourceQuality "1"]
[TimeControl "5400+30"]

1. e4 d6 2. d4 g6 3. f4 Bg7 4. Nf3 c5 5. d5 Nf6 6. Nc3 O-O 7. Bc4 b5 8. Bxb5 Nxe4 9. Nxe4 Qa5+ 10. Nfd2 Qxb5 11. c4 Qa6 12. O-O Nd7 13. Rf3 Nb6 14. Ra3 Qxa3 15. bxa3 Bxa1 16. Nb3 Bg7 17. Qc2 Bd7 18. Bd2 Bf5 19. Be1 Rfe8 20. Qe2 Bxe4 21. Qxe4 e6 22. dxe6 Rxe6 23. Qb1 Nxc4 24. Bf2 Ne3 25. Qc1 Rae8 26. Qd2 Ng4 27. Bg3 Re2 28. Qd1 Rxg2+ 29. Kh1 Rxg3 0-1

[Event "Botvinnik Cup 2018"]
[Site "Moscow"]
[Date "2018.08.11"]
[Round "4"]
[White "Sunnatov, Mirfayz"]
[Black "Tologontegin, Semetey"]
[Result "0-1"]
[ECO "B08"]
[WhiteElo "1868"]
[BlackElo "2407"]
[Annotator "NA"]
[PlyCount "76"]
[EventDate "2018.08.10"]
[EventCountry "RUS"]
[SourceTitle "playchess.com"]
[Source "ChessBase"]
[SourceQuality "1"]
[TimeControl "5400+30"]

1. d4 g6 2. e4 Bg7 3. Nc3 c6 4. Bc4 d6 5. Nf3 Nf6 6. O-O O-O 7. h3 b5 8. Bd3 a6 9. Be3 Nbd7 10. a4 Bb7 11. Qd2 e5 12. axb5 cxb5 13. d5 Qc7 14. Bh6 Nc5 15. Bxg7 Kxg7 16. Nh4 b4 17. Qg5 Qd8 18. Na4 Nfxe4 19. Qg4 Bc8 20. Qf3 Qxh4 21. g3 Ng5 22. Qe2 Nxh3+ 23. Kg2 Nf4+ 24. gxf4 Bh3+ 25. Kg1 Qxf4 26. f3 Qg3+ 27. Kh1 Bxf1 28. Qxf1 Nxa4 29. Rxa4 a5 30. c3 bxc3 31. Rg4 Qxg4 32. fxg4 cxb2 33. Qb1 Rfb8 34. Kg2 a4 35. Kf3 Rb3 36. Ke3 a3 37. Qa2 b1=Q 38. Qxb1 Rxb1 {[%emt 0:00:32] Kd4} 0-1

[Event "Botvinnik Cup 2018"]
[Site "Moscow"]
[Date "2018.08.11"]
[Round "4"]
[White "Sakibaev, Nursultan"]
[Black "Egin, Vladimir"]
[Result "1/2-1/2"]
[ECO "D20"]
[WhiteElo "1786"]
[BlackElo "2317"]
[Annotator "NA"]
[PlyCount "69"]
[EventDate "2018.08.10"]
[EventCountry "RUS"]
[SourceTitle "playchess.com"]
[Source "ChessBase"]
[SourceQuality "1"]
[TimeControl "5400+30"]

1. d4 d5 2. c4 dxc4 3. e4 Nf6 4. e5 Nd5 5. Bxc4 Nb6 6. Bb3 Nc6 7. Ne2 Bf5 8. Nbc3 e6 9. Be3 Qd7 10. a3 O-O-O 11. Bc2 Bxc2 12. Qxc2 f5 13. b4 Ne7 14. Rc1 Ned5 15. Nxd5 Nxd5 16. Nc3 Qc6 17. Nxd5 Qxc2 18. Rxc2 Rxd5 19. Ke2 Be7 20. Rhc1 c6 21. Rc4 Kd7 22. a4 a6 23. Rb1 g5 24. f3 h5 25. Bf2 Ra8 26. Rc2 g4 27. f4 Bd8 28. Rc5 Be7 29. Rc2 h4 30. Rc3 Rg8 31. Rd3 Kc7 32. Rbb3 Ra8 33. Be1 Rad8 34. Bc3 Rg8 35. Be1 1/2-1/2